 Dungeon Crawl Stone Soup version 0.29.1-12-g30fa7ad0bf (webtiles) character file.

Game seed: 5454610350259272100

103 bnorton916 the Magician (level 4, 0/24 HPs)
             Began as a Deep Elf Fire Elementalist on Jan 3, 2023.
             Killed by nerve-wracking pain
             ... invoked by an orc priest
              (12 damage)
             ... on level 3 of the Dungeon.
             The game lasted 00:02:47 (3041 turns).

bnorton916 the Magician (DEFE)                      Turns: 3041, Time: 00:02:51

Health: 0/24       AC:  5    Str:  5    XL:     4   Next: 51%
Magic:  4/12       EV: 12    Int: 22    God:
Gold:   159        SH:  0    Dex: 15    Spells: 9/12 levels left

rFire   . . .      SeeInvis .   (no weapon)
rCold   . . .      Faith    .   (no shield)
rNeg    . . .      Spirit   .   a - +0 robe
rPois   .          Reflect  .   (no helmet)
rElec   .          Harm     .   (no cloak)
rCorr   .          Rampage  .   e - +2 pair of gloves
Will    .....                   (no boots)
Stlth   ++........              (no amulet)
HPRegen 0.08/turn               (no ring)
MPRegen 0.13/turn               (no ring)

@: no status effects
A: no striking features
a: no special abilities


You were on level 3 of the Dungeon.
You visited 1 branch of the dungeon, and saw 3 of its levels.

You collected 159 gold pieces.

Inventory:

Missiles
 m - 5 poisoned darts
Armour
 a - a +0 robe (worn)
 e - a +2 pair of gloves (worn)
 j - the +0 leather armour of Peek-a-Boo {rC+}
   (You took it off a hobgoblin on level 2 of the Dungeon)

   rC:        It protects you from cold.
Jewellery
 k - a ring of protection from cold
Scrolls
 c - 3 scrolls of identify {unknown}
 i - a scroll of fear {unknown}
 l - a scroll of amnesia {unknown}
 n - a scroll of immolation {unknown}
Potions
 b - a potion of magic
 d - 2 potions of attraction {unknown}
 f - a potion of ambrosia {unknown}
 g - 3 potions of curing {unknown}
 h - a potion of brilliance {unknown}
 o - a potion of lignification {unknown}


   Skills:
 - Level 2.4 Dodging
 - Level 2.4 Stealth
 + Level 4.5 Spellcasting
 + Level 2.8 Conjurations
 + Level 4.3 Fire Magic


You had 9 spell levels left.
You knew the following spells:

 Your Spells              Type           Power      Damage    Failure   Level
a - Foxfire               Conj/Fire      80%        2x1d8     2%          1
b - Scorch                Fire           48%        2d7       2%          2

Your spell library contained the following spells:

 Spells                   Type           Power      Damage    Failure   Level
 Conjure Flame            Conj/Fire      20%        6-21      8%          3
 Inner Flame              Hex/Fire       14%        N/A       13%         3
 Flame Wave               Conj/Fire      20%        2d7       24%         4


Dungeon Overview and Level Annotations

Branches:
Dungeon (3/15)

Altars:


Message History

An orc priest comes into view. It is wielding a +0 mace.
The foxfire hits the orc.
The orc is moderately wounded.
Casting: Foxfire (safe; 2% risk of failure)
Confirm with . or Enter, or press ? or * to list all spells.
You conjure some foxfire!
The orc priest casts a cantrip, but nothing happens.
The foxfire hits the orc.
The orc is severely wounded.
Casting: Foxfire (safe; 2% risk of failure)
Confirm with . or Enter, or press ? or * to list all spells.
You conjure some foxfire!
Your foxfire dissipates!
The foxfire hits the orc.
You kill the orc!
The foxfire hits the orc.
You kill the orc!
The orc priest calls down the wrath of Beogh upon you.
Beogh smites you!
Casting: Foxfire (safe; 2% risk of failure)
Confirm with . or Enter, or press ? or * to list all spells.
Flames lash the kobold.
You kill the kobold!
The giant cockroach bites you but does no damage.
Casting: Scorch (safe; 2% risk of failure)
Confirm with . or Enter, or press ? or * to list all spells.
You conjure some foxfire!
The giant cockroach barely misses you.
The giant cockroach waves its antennae.
The giant cockroach bites you.
The foxfire hits the giant cockroach.
You kill the giant cockroach!
The foxfire hits the orc priest.
The orc priest is moderately wounded.
Casting: Foxfire (safe; 2% risk of failure)
Confirm with . or Enter, or press ? or * to list all spells.
You conjure some foxfire!
The orc priest mumbles some strange prayers to Beogh against you.
Pain shoots through your body!
Ouch! That really hurt!
You die...

.. #.#.#..#.#..###
#.#### ##..............
#..... ..#.#..###..###
.....###.# #..#.#.)..#
#.....#.###..#.#..###
#....................
#.......###..###..###
#.#..v§§#.#....#....#
#...?.@v§.###..###..###
#######o#..............
#)#.#..######.###
#.)....# #.#
##...########.###
.)...........).
...#####.##.##. .... #
#.... ####.


You could see an orc priest (ally target).

Vanquished Creatures
  3 adders (D:2)
  A dart slug (D:2)
  3 orcs (D:3)
  4 endoplasms
  6 giant cockroaches
  4 goblins (D:2)
  6 hobgoblins
  15 jackals
  2 quokkas (D:1)
  3 ball pythons (D:1)
  2 bats (D:1)
  2 frilled lizards (D:1)
  9 kobolds
  3 rats
63 creatures vanquished.

Vanquished Creatures (others)
  241 foxfires
241 creatures vanquished.

Grand Total: 304 creatures vanquished

Notes
Turn   | Place    | Note
-------+----------+-------------------------------------------
     0 | D:1      | bnorton916 the Deep Elf Fire Elementalist began the quest
                  | for the Orb.
     0 | D:1      | Reached XP level 1. HP: 10/10 MP: 6/6
   243 | D:1      | Found a faded altar of an unknown god.
   542 | D:1      | Reached XP level 2. HP: 15/15 MP: 5/8
  1716 | D:1      | Reached XP level 3. HP: 15/19 MP: 5/10
  2085 | D:2      | Identified the +0 leather armour of Peek-a-Boo {rC+}
  2122 | D:2      | Learned a level 2 spell: Scorch
  2616 | D:2      | Reached XP level 4. HP: 20/24 MP: 7/12
  3041 | D:3      | Killed from afar by an orc priest

Illustrated notes

Levels and vault maps discovered:
D:1:      nicolae_arrival_somewhat_less_tricky_arrival, layout_basic,
          hellmonk_ecumenical_altar_pennies_from_heaven
D:2:      layout_rooms
D:3:      layout_loops_cross, nicolae_wu_jian_immortal_techniques, serial_shops,
          shop, minmay_misc_feat_nine_boxes

Skill      XL: |  1  2  3 |
---------------+----------+-----
Conjurations   | 2 |  2.8
Spellcasting   | 4 |  4.5
Fire Magic     | 4 |  4.3
Dodging        | |  2.4
Stealth        | |  2.4

Action                   |  1- 3 |  4- 6 || total
-------------------------+-------+-------++-------
 Cast: Foxfire           |   114 |    26 ||   140
       Scorch            |       |     1 ||     1
Armor: Robe              |    19 |     4 ||    23
Dodge: Dodged            |    32 |     2 ||    34
